 Dungeon Crawl Stone Soup version 0.21.1-1-g345015fe64 (webtiles) character file.

94034 Htamos the Executioner (level 15, -1/139 HPs)
             Began as a Minotaur Berserker on July 7, 2018.
             Was the Champion of Trog.
             Slain by a merfolk
             ... wielding a +0 glaive
              (17 damage)
             ... on level 3 of the Shoals.
             The game lasted 01:38:16 (26262 turns).

Htamos the Executioner (Minotaur Berserker)        Turns: 26262, Time: 01:38:19

Health: -1/139     AC: 33    Str: 28    XL:     15   Next: 62%
Magic:  15/15      EV:  6    Int:  4    God:    Trog [******]
Gold:   153        SH:  0    Dex: 16    Spells: 14/14 levels left

rFire    + . .     SeeInvis +   X - +9 executioner's axe (vamp)
rCold    + + +     Gourm    .   (shield currently unavailable)
rNeg     . . .     Faith    +   o - +6 plate armour
rPois    +         Spirit   .   M - +2 hat {MR+}
rElec    .         Reflect  .   G - scarf {rC+ rF+}
rCorr    .         Harm     .   z - +2 pair of gloves {Dex+3}
MR       ++++.                  t - +2 pair of boots "Tatosh" {Regen+}
Stlth    ..........             T - amulet of faith
HPRegen  1.73/turn              f - ring of see invisible
MPRegen  0.14/turn              E - ring of the Lost Friends {rPois rC++ EV+3 Dex+3}

@: barbed spikes, mesmerised, very slightly contaminated, held, regenerating,
hasted, glowing, slow
A: retaliatory headbutt, hooves 1, horns 2, thin metallic scales 1
a: Berserk, Trog's Hand, Brothers in Arms, Burn Spellbooks, Renounce Religion


You were on level 3 of the Shoals.
You worshipped Trog.
Trog was exalted by your worship.
You were not hungry.

You visited 3 branches of the dungeon, and saw 24 of its levels.
You also visited: Ice Cave.

You collected 2242 gold pieces.
You spent 2089 gold pieces at shops.

Inventory:

Hand Weapons
 q - a +4 triple crossbow of flaming
 Q - the +3 battleaxe of the Dark Horse {flame, rElec rF+ MR+ Str+2}
   (Trog gifted it to you on level 1 of the Shoals)

   It has been specially enchanted to burn those struck by it, causing extra
   injury to most foes and up to half again as much damage against particularly
   susceptible opponents.
   Big, fiery blades are also staple armaments of hydra-hunters.
   It affects your strength (+2).
   It protects you from fire.
   It insulates you from electricity.
   It affects your resistance to hostile enchantments.
 X - a +9 vampiric executioner's axe (weapon)
Missiles
 w - 395 arrows (quivered)
Armour
 o - a +6 plate armour (worn)
 t - the +2 pair of boots "Tatosh" (worn) {Regen+}
   (You found it in an ice cave)

   It increases your rate of regeneration.
 z - a +2 pair of gloves of dexterity (worn)
 G - a scarf of resistance (worn)
 K - a +2 pair of boots of flying
 M - a +2 hat of magic resistance (worn)
 P - a scarf of spirit shield
Jewellery
 b - an uncursed ring of protection from cold
 f - a ring of see invisible (left hand)
 r - an uncursed ring of ice
 s - an uncursed ring of magical power
 x - an uncursed ring of positive energy
 y - an uncursed ring of protection from magic
 A - an uncursed ring of protection from fire
 E - the ring of the Lost Friends (right hand) {rPois rC++ EV+3 Dex+3}
   (You acquired it on level 1 of the Shoals)

   [ring of evasion]

   It affects your evasion (+3).
   It affects your dexterity (+3).
   It greatly protects you from cold.
   It protects you from poison.
 T - an amulet of faith (around neck)
 U - a +3 ring of protection
 W - an uncursed ring of protection from magic
 Y - an uncursed ring of protection from cold
Wands
 e - a wand of iceblast (6)
 v - a wand of paralysis (18)
 B - a wand of polymorph (20)
 H - a wand of clouds (10)
 J - a wand of flame (54)
 N - a wand of digging (19)
 S - a wand of random effects (32)
Scrolls
 a - 6 scrolls of teleportation
 d - 7 scrolls of identify
 i - 3 scrolls of enchant weapon
 j - a scroll of blinking
 l - 12 scrolls of remove curse
 m - 7 scrolls of fear
 u - 4 scrolls of magic mapping
 O - a scroll of fog
Potions
 g - a potion of resistance
 h - 6 potions of might
 n - a potion of curing
 p - 3 potions of mutation
 C - 3 potions of cancellation
 I - 3 potions of agility
 L - a potion of lignification
 V - a potion of invisibility
 Z - a potion of berserk rage
Miscellaneous
 D - a sack of spiders
 F - a box of beasts
 R - a phantom mirror
Comestibles
 c - 39 rations


   Skills:
 + Level 14.7 Fighting
 * Level 23.7 Axes
 + Level 14.0 Armour
 - Level 2.1 Dodging
 - Level 2.0 Evocations


You had 14 spell levels left.
You didn't know any spells.

Dungeon Overview and Level Annotations

Branches:
Dungeon (15/15)            Temple (0/1) D:7            Lair (6/6) D:8
 Shoals (3/4) Lair:4       Spider (0/4) Lair:4        Slime (0/5) Lair:5
    Orc (0/2) D:9          Vaults (0/5) D:14
 Depths: D:15

Altars:
Dithmenos
Elyvilon
Gozag
Hepliaklqana
Nemelex Xobeh
Okawaru
Qazlal

Shops:
D:5 *   D:8 [!=}   D:10 !   D:11 !   D:13 %   D:14 [   Shoals:1 ?

Annotations:
D:14 Peloso's ghost, journeyman MiFi


Innate Abilities, Weirdness & Mutations

You reflexively headbutt those who attack you in melee.
You have a pair of horns on your head.
You have large cloven feet.
You are partially covered in thin metallic scales. (AC +2)


Message History

Okay, then.
You're too hungry.
You feel yourself speed up.
The manticore flicks its tail.
The volley of spikes hits you!
The barbed spikes become lodged in your body.
* * * LOW HITPOINT WARNING * * *
The merfolk avatar chants its luring song.
You feel better.
Your ogre barely misses the merfolk.
The merfolk hits you but does no damage.
The merfolk aquamancer hits your ogre with a rapier.
Okay, then.
Okay, then.
You eat one of the 40 rations.
That ration really hit the spot!
Your ogre closely misses the merfolk.
The merfolk barely misses you.
The merfolk avatar chants its luring song.
The manticore flicks its tail.
The volley of spikes hits you!
The merfolk hits you from afar with a glaive!
You die...

.≈≈.P##.≈≈≈≈≈≈≈
≈≈≈≈....≈≈≈≈≈≈≈
≈≈≈≈≈≈≈≈≈≈≈≈≈≈≈
≈≈≈≈≈≈≈≈≈≈≈≈≈≈≈≈≈≈≈≈≈P
≈≈≈≈≈≈≈≈≈≈≈≈≈≈.≈≈≈P≈PP
≈≈≈≈≈≈≈≈≈≈≈≈≈≈≈≈≈≈...≈
%≈≈≈≈≈≈≈≈tm≈≈≈≈..≈≈..≈..
...≈≈≈≈@Om≈≈≈≈≈.≈≈..$...
#....≈≈≈≈mm≈.≈≈≈..##....
####.≈≈mHmm.≈≈≈≈≈.....≈?
#.≈≈≈≈m≈≈≈≈c≈≈....≈≈≈
#.≈≈≈≈≈≈≈≈≈)≈≈....≈≈≈
#.≈≈≈≈≈≈≈...(t...≈≈≈≈
##≈≈≈≈≈≈....m)...≈≈≈.
#.≈≈≈≈≈..##.)...<≈≈>
≈≈≈≈.. ###.c.#.≈≈


You could see a merfolk avatar, 2 merfolk impalers, a merfolk aquamancer, a
snapping turtle, 4 merfolk, a faun, a manticore and a friendly ogre (berserk).

Vanquished Creatures
  Rupert (Lair:3)
  A kraken (Shoals:2)
  Agnes (D:14)
  A tengu reaver (D:14)
  Aizul (Shoals:3)
  Nessos (D:13)
  2 blizzard demons (IceCv)
  The ghost of smop the Spear-Bearer, a journeyman DsGl of Makhleb (D:14)
  4 merfolk impalers
  A yaktaur captain (D:14)
  An ogre mage (D:14)
  Fannar (D:11)
  4 hydras
  A merfolk aquamancer (Shoals:1)
  A centaur warrior (D:14)
  2 tengu warriors
  7 two-headed ogres
  Nergalle (D:11)
  Sonja (Lair:4)
  7 sea snakes
  3 unseen horrors
  2 deep elf magi
  8 harpies (Shoals:2)
  4 fauns
  A cyclops (D:14)
  4 manticores
  4 merfolk sirens
  An ugly thing (D:11)
  14 elephants
  A water nymph (Shoals:2)
  5 black mambas
  A gargoyle (D:14)
  2 centaur zombies
  An ice statue (Shoals:1)
  12 spiny frogs
  3 anaconda simulacra (IceCv)
  6 ice devils (IceCv)
  3 golden dragon simulacra (IceCv)
  4 komodo dragons
  6 freezing wraiths
  14 merfolk
  A tengu conjurer (D:13)
  3 wind drakes
  4 trolls
  A polar bear (Lair:2)
  A wolf spider simulacrum (IceCv)
  12 hippogriffs
  7 slime creatures
  3 snapping turtles (Shoals:2)
  11 blink frogs
  Sigmund (D:5)
  A shadow (D:11)
  11 water elementals
  A wraith (D:15)
  2 dire elephant simulacra (IceCv)
  2 vampires
  2 hungry ghosts (D:10)
  2 wyverns (D:9)
  30 yaks
  Grum (D:9)
  2 hogs (D:12)
  A human (D:12)
  The ghost of Worldyogurt the Skirmisher, an amateur DsFi (D:3)
  3 basilisks
  A steam dragon (D:11)
  A death yak simulacrum (IceCv)
  2 vampire mosquitoes (D:12)
  3 wargs (D:8)
  A harpy simulacrum (IceCv)
  2 acid dragons (D:13)
  An iron troll simulacrum (IceCv)
  7 water moccasins
  4 hydra simulacra (IceCv)
  10 porcupines
  A meliai simulacrum (D:15)
  5 orc warriors
  An ettin simulacrum (IceCv)
  4 ice beasts
  3 sky beasts
  4 black bears
  20 wolves
  10 ogres
  2 eyes of draining
  3 phantoms
  A boggart (shapeshifter) (D:11)
  12 crocodiles
  2 centaurs
  7 big kobolds
  15 bullfrogs
  A wyvern zombie (D:9)
  A wyvern skeleton (D:8)
  2 scorpions
  9 killer bees (D:10)
  A water moccasin skeleton (D:8)
  10 wights
  4 electric eels
  A howler monkey (D:7)
  4 crimson imps
  3 draconian simulacra (IceCv)
  2 quasits
  11 orc priests
  3 hounds
  6 jellies
  2 centaur skeletons
  6 bullfrog skeletons
  12 orc wizards
  2 hell rats (Lair:5)
  An iguana (D:11)
  8 worker ants
  2 killer bee zombies
  5 troll simulacra (IceCv)
  A wolf simulacrum (IceCv)
  A centaur simulacrum (IceCv)
  A hound zombie (D:8)
  A worker ant zombie (D:7)
  16 adders
  17 gnolls
  3 ogre simulacra (IceCv)
  4 naga simulacra (IceCv)
  A river rat (D:4)
  2 shadow imps
  3 white imps (IceCv)
  2 ufetubi (IceCv)
  3 oozes (Lair:5)
  An adder skeleton (D:5)
  5 adder zombies
  2 worms
  6 dart slugs
  7 leopard geckos
  61 orcs
  5 bats
  8 giant cockroaches
  6 goblins
  6 hobgoblins
  15 jackals
  2 quokkas
  3 ball pythons
  8 frilled lizards
  21 kobolds
  A leopard gecko skeleton (D:5)
  A quokka skeleton (D:4)
  12 rats
  6 fungi
  3 plants
  2 tentacles (Shoals:2)
696 creatures vanquished.

Vanquished Creatures (collateral kills)
  A fire dragon (D:14)
  2 hydras
  4 oklob plants (Lair:4)
  A komodo dragon (Lair:1)
8 creatures vanquished.

Vanquished Creatures (others)
  A water elemental (Shoals:3)
  2 hell rats (Lair:5)
  A fungus (Lair:4)
  4 plants
  16 tentacles (Shoals:2)
24 creatures vanquished.

Grand Total: 728 creatures vanquished

Notes
Turn   | Place    | Note
-------+----------+-------------------------------------------
     0 | D:1      | Htamos the Minotaur Berserker began the quest for the Orb.
     0 | D:1      | Reached XP level 1. HP: 19/19 MP: 0/0
    79 | D:1      | Reached skill level 4 in Axes
    95 | D:1      | Reached XP level 2. HP: 18/26 MP: 1/1
   409 | D:1      | Reached skill level 5 in Axes
   440 | D:1      | Reached ** piety under Trog
   448 | D:1      | Reached XP level 3. HP: 28/31 MP: 2/2
   987 | D:2      | Found a white marble altar of Elyvilon.
  1041 | D:2      | Reached skill level 6 in Axes
  1041 | D:2      | Reached XP level 4. HP: 33/39 MP: 3/3
  1846 | D:2      | Found a hazy altar of Hepliaklqana.
  2405 | D:3      | Noticed Worldyogurt's ghost (amateur DsFi)
  2426 | D:3      | Killed Worldyogurt's ghost
  2426 | D:3      | Reached skill level 8 in Axes
  2426 | D:3      | Reached XP level 5. HP: 45/45 MP: 4/4
  2431 | D:3      | Reached XP level 6. HP: 51/51 MP: 5/5
  2487 | D:3      | Reached *** piety under Trog
  2794 | D:4      | Reached skill level 9 in Axes
  2928 | D:4      | Reached XP level 7. HP: 48/57 MP: 6/6
  3066 | D:4      | Reached skill level 10 in Axes
  3832 | D:5      | Entered Level 5 of the Dungeon
  3892 | D:5      | Received a gift from Trog
  3939 | D:5      | Reached skill level 11 in Axes
  4116 | D:5      | Noticed Sigmund
  4134 | D:5      | Killed Sigmund
  4134 | D:5      | Reached XP level 8. HP: 64/64 MP: 7/7
  4419 | D:5      | Reached skill level 12 in Axes
  4677 | D:5      | Found Dyrit's Assorted Antiques.
  5028 | D:5      | Bought a scroll labeled GIEKHO MURRYX for 23 gold pieces
  5028 | D:5      | Bought a scroll labeled MUNISHR COOLIC for 23 gold pieces
  5028 | D:5      | Bought a brass ring for 115 gold pieces
  5028 | D:5      | Identified a scroll of acquirement
  5029 | D:5      | Got a twisted battleaxe
  5030 | D:5      | Identified the +5 battleaxe "Murmur" {holy, MR+ Str-4 Int+3 Stlth+} (You acquired it on level 5 of the Dungeon)
  5075 | D:6      | Found a shadowy altar of Dithmenos.
  5348 | D:6      | Found an opulent altar of Gozag.
  5370 | D:6      | Reached skill level 13 in Axes
  5489 | D:6      | Reached **** piety under Trog
  5511 | D:6      | Found a stormy altar of Qazlal.
  5804 | D:7      | Found a staircase to the Ecumenical Temple.
  6056 | D:7      | Reached XP level 9. HP: 71/71 MP: 8/8
  6455 | D:8      | Found Syilio's Gadget Boutique.
  6462 | D:8      | Bought a box of beasts for 280 gold pieces
  6464 | D:8      | Reached skill level 14 in Axes
  6544 | D:8      | Found Hitruirr's Jewellery Shop.
  6605 | D:8      | Found a staircase to the Lair.
  6637 | D:8      | Reached skill level 5 in Fighting
  6638 | D:8      | Reached skill level 1 in Evocations
  6645 | D:8      | Reached ***** piety under Trog
  6868 | D:8      | Noticed a two-headed ogre
  6874 | D:8      | Killed a two-headed ogre
  6874 | D:8      | Reached skill level 15 in Axes
  6874 | D:8      | Reached skill level 5 in Armour
  6968 | D:8      | Reached XP level 10. HP: 69/81 MP: 10/10
  6977 | D:8      | Found Yteabruom's Distillery.
  6985 | D:8      | Bought a potion of might for 56 gold pieces
  7033 | D:8      | Found Qabriducw's Antique Armour Emporium.
  7671 | D:9      | Noticed Grum
  7676 | D:9      | Killed Grum
  7943 | D:9      | Noticed a two-headed ogre
  7945 | D:9      | Reached skill level 16 in Axes
  7949 | D:9      | Killed a two-headed ogre
  8039 | D:9      | Noticed a two-headed ogre
  8044 | D:9      | Killed a two-headed ogre
  8449 | D:9      | Reached skill level 17 in Axes
  8673 | D:9      | Found a staircase to the Orcish Mines.
  8730 | D:9      | Reached XP level 11. HP: 90/91 MP: 11/11
  8745 | D:10     | Entered Level 10 of the Dungeon
  9533 | D:10     | Found Qotu's Distillery.
  9537 | D:10     | Bought a potion of mutation for 112 gold pieces
  9537 | D:10     | Bought 2 potions of mutation for 224 gold pieces
  9537 | D:10     | Gained mutation: Scrolls take you a little longer to read. [potion of mutation]
  9537 | D:10     | Gained mutation: You passively map a small area around you. [potion of mutation]
  9538 | D:10     | Lost mutation: You passively map a small area around you. [potion of mutation]
  9538 | D:10     | Lost mutation: Scrolls take you a little longer to read. [potion of mutation]
  9538 | D:10     | Gained mutation: You are frail. (-10% HP) [potion of mutation]
  9538 | D:10     | Gained mutation: You are dopey. (Int -2) [potion of mutation]
  9538 | D:10     | Gained mutation: You evolve. [potion of mutation]
  9539 | D:10     | Lost mutation: You are frail. (-10% HP) [potion of mutation]
  9539 | D:10     | Lost mutation: You evolve. [potion of mutation]
  9539 | D:10     | Lost mutation: You are dopey. (Int -2) [potion of mutation]
  9539 | D:10     | Gained mutation: You are resistant to electric shocks. (rElec) [potion of mutation]
  9539 | D:10     | Gained mutation: You expend magic power (3 MP) to strengthen your wands. [potion of mutation]
  9539 | D:10     | Gained mutation: You are clumsy. (Dex -2) [potion of mutation]
  9539 | D:10     | Gained mutation: You are resistant to hostile enchantments. (MR+) [potion of mutation]
  9540 | D:10     | Lost mutation: You are resistant to hostile enchantments. (MR+) [potion of mutation]
  9540 | D:10     | Lost mutation: You are clumsy. (Dex -2) [potion of mutation]
  9540 | D:10     | Lost mutation: You expend magic power (3 MP) to strengthen your wands. [potion of mutation]
  9540 | D:10     | Lost mutation: You are resistant to electric shocks. (rElec) [potion of mutation]
  9540 | D:10     | Gained mutation: You have large cloven feet. [potion of mutation]
  9540 | D:10     | Gained mutation: You are partially covered in thin metallic scales. (AC +2) [potion of mutation]
 10222 | D:11     | Received a gift from Trog
 10367 | D:11     | Found Jurimp's Distillery.
 10411 | D:11     | Noticed a cyan ugly thing
 10418 | D:11     | Killed a cyan ugly thing
 10492 | D:11     | Noticed Fannar
 10503 | D:11     | Killed Fannar
 10608 | D:11     | Reached skill level 18 in Axes
 10866 | D:11     | Noticed Nergalle
 10873 | D:11     | Killed Nergalle
 11117 | Lair:1   | Entered Level 1 of the Lair of Beasts
 11261 | Lair:1   | Noticed a four-headed hydra
 11266 | Lair:1   | Killed a four-headed hydra
 12401 | D:8      | Bought an embroidered hat for 196 gold pieces
 13085 | D:12     | Reached XP level 12. HP: 99/103 MP: 10/12
 13158 | D:12     | Reached skill level 19 in Axes
 13426 | D:12     | Found a sparkling altar of Nemelex Xobeh.
 13593 | D:12     | Noticed a two-headed ogre
 13602 | D:12     | Killed a two-headed ogre
 14017 | D:13     | Noticed a tengu warrior
 14035 | D:12     | Killed a tengu warrior
 14165 | D:13     | Received a gift from Trog
 14351 | D:13     | Noticed a tengu warrior
 14370 | D:13     | Killed a tengu warrior
 14539 | D:13     | Found Umanlul's Food Emporium.
 14557 | D:13     | Bought a ration for 65 gold pieces
 14557 | D:13     | Bought a ration for 65 gold pieces
 14682 | D:13     | Noticed a five-headed hydra
 14699 | D:13     | Killed a six-headed hydra
 14716 | D:13     | Noticed a two-headed ogre
 14721 | D:13     | Killed a two-headed ogre
 14721 | D:13     | Reached skill level 10 in Armour
 14775 | D:13     | Noticed Nessos
 14803 | D:13     | Killed Nessos
 14803 | D:13     | Reached skill level 20 in Axes
 15349 | D:14     | Found an iron altar of Okawaru.
 15349 | D:14     | Found a stormy altar of Qazlal.
 15372 | D:14     | Noticed a tengu reaver
 15412 | D:14     | Noticed a yaktaur captain
 15420 | D:14     | Killed a yaktaur captain
 15425 | D:14     | HP: 3/106 [tengu reaver/war axe of venom (15)]
 15436 | D:14     | Killed a tengu reaver
 15436 | D:14     | Reached skill level 10 in Fighting
 15436 | D:14     | Reached XP level 13. HP: 113/113 MP: 13/13
 15612 | D:14     | Found a stormy altar of Qazlal.
 15663 | D:14     | Noticed Agnes
 15663 | D:14     | Noticed a fire dragon
 15681 | D:14     | Killed Agnes
 15688 | D:14     | Killed a fire dragon
 16042 | D:14     | Found Fuak's Antique Armour Shop.
 16047 | D:14     | Bought a pair of glowing boots for 150 gold pieces
 16112 | D:14     | Received a gift from Trog
 16123 | D:14     | Noticed Peloso's ghost (journeyman MiFi)
 17122 | D:14     | Found a gate to the Vaults.
 17171 | D:14     | Noticed smop's ghost (journeyman DsGl)
 17186 | D:14     | Killed smop's ghost
 17186 | D:14     | Reached skill level 21 in Axes
 17210 | D:15     | Entered Level 15 of the Dungeon
 19041 | Lair:3   | Noticed Rupert
 19227 | Lair:3   | Killed Rupert
 19227 | Lair:3   | Reached XP level 14. HP: 121/125 MP: 14/14
 20557 | Lair:4   | Noticed Sonja
 20599 | Lair:4   | Killed Sonja
 20777 | Lair:4   | Found a hole to the Spider Nest.
 20999 | Lair:4   | Reached skill level 22 in Axes
 21206 | Lair:4   | Found a staircase to the Shoals.
 21395 | Lair:5   | Found a staircase to the Slime Pits.
 21668 | Lair:5   | Found the cursed necklace of Bloodlust {*Rage +Rage MR++ Int-3 Slay+6 *Curse}
 22141 | Lair:6   | Entered Level 6 of the Lair of Beasts
 22532 | Lair:6   | Received a gift from Trog
 23027 | Shoals:1 | Entered Level 1 of the Shoals
 23099 | Shoals:1 | Identified Sif Muna's Almanac of Idealism
 23162 | Shoals:1 | Found a frozen archway.
 23344 | IceCv    | Entered an ice cave
 24015 | IceCv    | Reached ****** piety under Trog
 24021 | IceCv    | Reached XP level 15. HP: 133/138 MP: 15/15
 24539 | IceCv    | Got a pair of ancient boots
 24550 | IceCv    | Identified the +2 pair of boots "Tatosh" {Regen+} (You found it in an ice cave)
 24703 | Shoals:1 | Found Rungiutwo's Magic Scroll Shoppe.
 24715 | Shoals:1 | Bought a scroll of acquirement for 780 gold pieces
 24720 | Shoals:1 | Got a glittering bone ring
 24721 | Shoals:1 | Identified the ring of the Lost Friends {rPois rC++ EV+3 Dex+3} (You acquired it on level 1 of the Shoals)
 24945 | Shoals:1 | Received a gift from Trog
 24948 | Shoals:1 | Got a scorched battleaxe {god gift}
 24949 | Shoals:1 | Identified the +3 battleaxe of the Dark Horse {flame, rElec rF+ MR+ Str+2} (Trog gifted it to you on level 1 of the Shoals)
 25028 | Shoals:1 | Reached skill level 23 in Axes
 25403 | Shoals:2 | Identified the Reference Book on Battle Magic
 25403 | Shoals:2 | Noticed a kraken
 25487 | Shoals:2 | Killed a kraken
 25965 | Shoals:2 | Received a gift from Trog
 26233 | Shoals:3 | Noticed Aizul
 26246 | Shoals:3 | Killed Aizul
 26255 | Shoals:3 | HP: 2/139 [merfolk aquamancer/torrent of water (31)]
 26260 | Shoals:3 | HP: 3/139 [manticore/volley of spikes (1)]
 26262 | Shoals:3 | Slain by a merfolk

Skill      XL: |  1  2  3  4  5  6  7  8  9 10 11 12 13 14 15 |
---------------+----------------------------------------------+-----
Axes           | 4 5 6 8 9 11 13 15 17 18 20 21 22 23 | 23.7
Fighting       | 4 5 6 8 10 11 14 | 14.7
Armour         | 3 5 7 8 10 12 13 14 | 14.0
Evocations     | 1 2 |  2.0
Dodging        | |  2.1

Action                   |  1- 3 |  4- 6 |  7- 9 | 10-12 | 13-15 || total
-------------------------+-------+-------+-------+-------+-------++-------
Melee: Hand axe          |    93 |   122 |   150 |       |       ||   365
       Headbutt          |    13 |    24 |    59 |    98 |   164 ||   358
       Battleaxe         |       |       |   145 |   522 |   451 ||  1118
       Kick              |       |       |       |    29 |       ||    29
       Executioner's axe |       |       |       |       |   328 ||   328
Invok: Berserk           |       |     2 |     2 |     7 |     9 ||    20
       Brothers in Arms  |       |       |       |     3 |     2 ||     5
       Burn Spellbooks   |       |       |       |     1 |     3 ||     4
       Trog's Hand       |       |       |       |     1 |     2 ||     3
Evoke: Wand              |       |       |    12 |    13 |    35 ||    60
       Box of beasts     |       |       |       |       |     1 ||     1
  Use: Scroll            |     5 |       |     9 |    16 |    33 ||    63
       Potion            |       |       |     1 |    16 |     8 ||    25
  Eat: Chunk             |       |     7 |    11 |    24 |    19 ||    61
       Ration            |       |       |     1 |     4 |    11 ||    16
Armor: Ring mail         |    20 |       |       |       |       ||    20
       Chain mail        |    13 |    14 |       |       |       ||    27
       Plate armour      |       |    37 |   122 |   296 |   666 ||  1121
Dodge: Dodged            |    58 |    41 |    79 |   163 |   335 ||   676
Block: Other             |     3 |     7 |    19 |    31 |    18 ||    78
       Reflection        |       |       |       |     2 |     1 ||     3
